 Dungeon Crawl Stone Soup version 0.31.0-11-ge490571c62 (webtiles) character file.

Game seed: 14600219193976572701

9 Gadfly the Ruffian (level 2, 0/21 HPs)
             Began as a Demonspawn Shapeshifter on Jan 27, 2024.
             Slain by a ribbon worm (1 damage)
             ... on level 2 of the Dungeon.
             The game lasted 00:00:56 (731 turns).

Gadfly the Ruffian (Demonspawn Shapeshifter)         Turns: 731, Time: 00:00:57

Health: 0/21       AC:  2    Str: 14    XL:     2   Next: 6%
Magic:  2/2        EV: 12    Int: 10    God:
Gold:   48         SH:  0    Dex: 12    Spells: 1/1 levels left

rFire   . .          .
                       - Unarmed
rCold   . . .        (no shield)
rNeg    . . .        a - +0 animal skin
rPois   .            (helmet currently unavailable)
rElec   .            (cloak currently unavailable)
rCorr   .            (gloves currently unavailable)
SInv    .            (boots currently unavailable)
Will    +....        (no amulet)
Stlth   +            (no ring)
HPRegen 0.23/turn    (no ring)
MPRegen 0.08/turn

%: no passive effects
@: beast-form, enlightened, flying
A: beast (slay +1), claws 1, horns 1, mutation resistance 1, subdued magic 1,
noise suppression
a: Begin Untransformation


You were on level 2 of the Dungeon.
You were a hulking beast.
You visited 1 branch of the dungeon, and saw 2 of its levels.

You collected 48 gold pieces.

Inventory:

Armour
 a - a +0 animal skin (worn)
Jewellery
 h - a ring of fire
Talismans
 c - a beast talisman
 d - a flux talisman
Potions
 b - a potion of lignification
 i - a potion of might


   Skills:
 + Level 1.1 Fighting
 * Level 2.0 Dodging
 + Level 2.7 Unarmed Combat
 * Level 0.6 Evocations
 + Level 2.7 Shapeshifting


You had one spell level left.
You didn't know any spells.
Your spell library was empty.

Dungeon Overview and Level Annotations

Branches:
Dungeon (2/15)

Altars:


Innate Abilities, Weirdness & Mutations

You are a hulking beast.
Your limbs bulge with bestial killing power. (Slay +1)
You have sharp fingernails.
You have a pair of small horns on your head.
You are somewhat resistant to further mutation.
Your spells are a little easier to cast, but a little less powerful.
You passively dampen the noise of your surroundings.


Message History

The ribbon worm is severely wounded.
The goblin barely misses you. The quokka closely misses you.
You scratch the ribbon worm.
The ribbon worm is almost dead.
The quokka bites you but does no damage.
The goblin hits you but does no damage.
The ribbon worm bites you but does no damage.
The quokka barely misses you.
You barely miss the ribbon worm.
The ribbon worm is almost dead.
The goblin barely misses you. The ribbon worm bites you.
* * * LOW HITPOINT WARNING * * *
The quokka bites you.
* * * LOW HITPOINT WARNING * * *
You are too injured to fight recklessly!
You are too injured to fight recklessly!
You are too injured to fight recklessly!
You are too injured to fight recklessly!
You are too injured to fight recklessly!
You are too injured to fight recklessly!
You are too injured to fight recklessly!
You are too injured to fight recklessly!
You are too injured to fight recklessly!
Unknown command.
The ribbon worm attacks as it pursues you!
The ribbon worm closely misses you.
There is a stone staircase leading up here.
The goblin hits you with a +0 dagger.
* * * LOW HITPOINT WARNING * * *
It was a potion of enlightenment.
You feel very buoyant.
You fly up into the air.
The goblin hits you but does no damage.
The quokka bites you but does no damage.
It was a potion of mutation.
You feel extremely strange.
You feel your surroundings grow quieter.
A pair of horns grows on your head!
Your connection to magic feels subdued.
You feel genetically stable. The quokka closely misses you.
The goblin closely misses you. The ribbon worm bites you.
You die...

.. .. #.# ...
#.# ... #.####..
#.....# #...<.#
#. #.....#...
#######.h.....#
>......rgw..####
#######.........
#....$####
#.....# #.....#
#.....# #######


You could see a ribbon worm, a quokka and a goblin.

Vanquished Creatures
  A ball python (D:1)
  2 bats (D:1)
  A giant cockroach (D:1)
  A hobgoblin (D:1)
  A kobold (D:1)
  2 frilled lizards (D:1)
  A rat (D:1)
9 creatures vanquished.

Notes
Turn   | Place    | Note
-------+----------+-------------------------------------------
     0 | D:1      | Gadfly the Demonspawn Shapeshifter began the quest for the
                  | Orb.
     0 | D:1      | Reached XP level 1. HP: 15/15 MP: 1/1
   481 | D:1      | Found a faded altar of an unknown god.
   488 | D:1      | Gained mutation: You have sharp fingernails. [demonic
                  | ancestry]
   488 | D:1      | Reached XP level 2. HP: 19/21 MP: 2/2
   729 | D:2      | HP: 1/21 [goblin/+0 dagger (2)]
   731 | D:2      | Gained mutation: You passively dampen the noise of your
                  | surroundings. [potion of mutation]
   731 | D:2      | Gained mutation: You have a pair of small horns on your
                  | head. [potion of mutation]
   731 | D:2      | Gained mutation: Your spells are a little easier to cast,
                  | but a little less powerful. [potion of mutation]
   731 | D:2      | Gained mutation: You are somewhat resistant to further
                  | mutation. [potion of mutation]
   731 | D:2      | Slain by a ribbon worm

Illustrated notes

Levels and vault maps discovered:
D:1:      saegor_arrival_under_anarchy, layout_loops_cross,
          ebering_ecumenical_altar_webs
D:2:      layout_rooms

Skill      XL: |  1 |
---------------+----+-----
Dodging        | 2 |  2.0
Fighting       | |  1.1
Unarmed Combat | |  2.7
Evocations     | |  0.6
Shapeshifting  | |  2.7

Action                     || total
---------------------------++-------
  Melee: Unarmed           ||    35
    Use: Scroll            ||     4
         Potion            ||     2
   Stab: Sleeping          ||     1
 Armour: Animal skin       ||    20
  Dodge: Dodged            ||    31
